SKY
ST. LOUIS CARDINALS @ PORTLAND HOPS
08/30/2051
 
TOP OF THE 1ST
St. Louis Cardinals batting - Pitching for Portland Hops : LHP Jefry Alcantara
Pitching: LHP Jefry Alcantara
Batting: RHB Bobby Grimm 0-0: Ball
1-0: Ball
2-0: Ball
3-0: Called Strike
3-1: SINGLE (Line Drive, 89S, EV 98.8 MPH)
Batting: SHB José Jesús De La Cruz 0-0: Ball
1-0: Ball
2-0: Ball
3-0: Called Strike
3-1: Base on Balls
Bobby Grimm to second
Batting: RHB Dan Moore 0-0: Foul Ball, location: 2F
0-1: 3-RUN HOME RUN (Flyball, 9D, EV 101.3 MPH), Distance : 382 ft
Batting: SHB Sammy Horgan 0-0: Called Strike
0-1: Ball
1-1: Called Strike
1-2: Foul Ball, location: 9LSF
1-2: Foul Ball, location: 2F
1-2: Ball
2-2: Foul Ball, location: 3SF
2-2: Strikes out swinging
Batting: RHB Josué Caballero 0-0: Ball
1-0: Called Strike
1-1: Swinging Strike
1-2: DOUBLE (Groundball, 5L, EV 109.4 MPH)
Batting: SHB Joseph Mitchell 0-0: Ball
1-0: Ball
2-0: Fly out, F8 (Flyball, 89M, EV 93.8 MPH)
Batting: LHB Marcus Jones 0-0: Ball
1-0: Ball
2-0: Swinging Strike
2-1: Ground out 1-3 (Groundball, 13S, EV 70.6 MPH)
Top of the 1st over - 3 runs, 3 hits, 0 errors, 1 left on base; St. Louis 3 - Portland 0
BOTTOM OF THE 1ST
Portland Hops batting - Pitching for St. Louis Cardinals : LHP Charles Shoop
Pitching: LHP Charles Shoop
Batting: RHB Ben Schubert 0-0: Called Strike
0-1: Called Strike
0-2: SINGLE (Line Drive, 4MD, EV 96.3 MPH)
Batting: LHB Lobo Peña 0-0: Ball
Ben Schubert steals 2nd base
1-0: Ball
2-0: Foul Ball, location: 2F
2-1: Foul Ball, location: 7LMF
2-2: SINGLE (Groundball, 34D, EV 110.6 MPH)
Ben Schubert to third
Runner from 3rd tries for Home, SAFE, throw by RF to home
Batting: RHB Mason Stapleton 0-0: Swinging Strike
0-1: Foul Ball, location: 2F
0-2: Ball
1-2: Strikes out swinging
Batting: LHB Russ Hicks 0-0: Called Strike
0-1: Ball
1-1: Ball
2-1: Called Strike
2-2: Fly out, F7 (Flyball, 7, EV 78.1 MPH)
Batting: LHB Raymond Armstrong 0-0: 2-RUN HOME RUN (Flyball, 89XD, EV 103.1 MPH), Distance : 397 ft
Batting: RHB Randy Najera 0-0: Ball
1-0: SINGLE (Groundball, 6MS, EV 75.0 MPH) (infield hit)
Batting: LHB Daniel Lugo 0-0: Called Strike
0-1: Ball
1-1: Fielders Choice at 2nd, 6-4 (Groundball, 6, EV 92.5 MPH)
Bottom of the 1st over - 3 runs, 4 hits, 0 errors, 1 left on base; St. Louis 3 - Portland 3
TOP OF THE 2ND
St. Louis Cardinals batting - Pitching for Portland Hops : LHP Jefry Alcantara
Batting: RHB Paco Paredes 0-0: Ground out 6-3 (Groundball, 56D, EV 97.5 MPH)
Batting: LHB Josef Rosendorff 0-0: Ball
1-0: Foul Ball, location: 2F
1-1: Foul Ball, location: 5SF
1-2: SOLO HOME RUN (Flyball, 9D, EV 95.0 MPH), Distance : 361 ft
Batting: RHB Bobby Grimm 0-0: SINGLE (Line Drive, 56D, EV 99.4 MPH)
Batting: SHB José Jesús De La Cruz 0-0: SINGLE (Line Drive, 9S, EV 105.0 MPH)
Bobby Grimm to second
Batting: RHB Dan Moore 0-0: Ball
1-0: Ball
2-0: Fly out, F8 (Flyball, S4, EV 98.1 MPH)
Batting: SHB Sammy Horgan 0-0: Called Strike
0-1: Swinging Strike
0-2: Ball
1-2: SINGLE (Line Drive, 89S, EV 110.6 MPH)
Bobby Grimm to third
José Jesús De La Cruz to second
Runner from 3rd tries for Home, throw by RF and OUT! 9-2
Top of the 2nd over - 1 run, 4 hits, 0 errors, 2 left on base; St. Louis 4 - Portland 3
BOTTOM OF THE 2ND
Portland Hops batting - Pitching for St. Louis Cardinals : LHP Charles Shoop
Batting: RHB Pete Koo 0-0: Swinging Strike
0-1: Ball
1-1: Swinging Strike
1-2: Ball
2-2: SINGLE (Groundball, 6MD, EV 101.3 MPH)
Batting: RHB Pancho Mejia 0-0: Called Strike
Pete Koo steals 2nd base
0-1: Foul Ball, location: 2F
0-2: Foul Ball, location: 9LSF
0-2: TRIPLE (Line Drive, 89XD, EV 109.4 MPH)
Pete Koo scores
Batting: RHB Ben Schubert 0-0: Ball
1-0: Ball
2-0: Called Strike
2-1: Foul Ball, location: 3SF
2-2: Ball
3-2: Ground out 5-3 (Groundball, 56, EV 99.4 MPH)
Pancho Mejia scores
Batting: LHB Lobo Peña 0-0: Swinging Strike
0-1: Ball
1-1: Foul Ball, location: 2F
1-2: Fly out, F8 (Flyball, 8RS, EV 88.1 MPH)
Batting: RHB Mason Stapleton 0-0: Fly out, F9 (Flyball, 9D, EV 106.3 MPH)
Bottom of the 2nd over - 2 runs, 2 hits, 0 errors, 0 left on base; St. Louis 4 - Portland 5
TOP OF THE 3RD
St. Louis Cardinals batting - Pitching for Portland Hops : LHP Jefry Alcantara
Batting: RHB Josué Caballero 0-0: Called Strike
0-1: Ball
1-1: Foul Ball, location: 5F
1-2: Strikes out swinging
Batting: SHB Joseph Mitchell 0-0: Called Strike
0-1: DOUBLE (Line Drive, 7LM, EV 93.8 MPH)
Batting: LHB Marcus Jones 0-0: Swinging Strike
0-1: Swinging Strike
0-2: Ball
1-2: Ball
2-2: Foul Ball, location: 7LSF
2-2: Fly out, F5 (Line Drive, 5, EV 67.5 MPH)
Batting: RHB Paco Paredes 0-0: Fly out, F9 (Line Drive, 9D, EV 97.5 MPH)
Top of the 3rd over - 0 runs, 1 hit, 0 errors, 1 left on base; St. Louis 4 - Portland 5
BOTTOM OF THE 3RD
Portland Hops batting - Pitching for St. Louis Cardinals : LHP Charles Shoop
Batting: LHB Russ Hicks 0-0: Called Strike
0-1: Foul Ball, location: 2F
0-2: Ball
1-2: Strikes out swinging
Batting: LHB Raymond Armstrong 0-0: Called Strike
0-1: Ball
1-1: Ball
2-1: DOUBLE (Line Drive, 8RXD, EV 96.9 MPH)
Batting: RHB Randy Najera 0-0: Called Strike
0-1: Fly out, F8 (Flyball, 8LM, EV 95.0 MPH)
Batting: LHB Daniel Lugo 0-0: Called Strike
0-1: Foul Ball, location: 23F
0-2: Strikes out swinging
Bottom of the 3rd over - 0 runs, 1 hit, 0 errors, 1 left on base; St. Louis 4 - Portland 5
TOP OF THE 4TH
St. Louis Cardinals batting - Pitching for Portland Hops : LHP Jefry Alcantara
Batting: LHB Josef Rosendorff 0-0: Ball
1-0: Foul Ball, location: 7LMF
1-1: Ball
2-1: Foul Ball, location: 2RF
2-2: Ball
3-2: SINGLE (Groundball, 6MD, EV 93.8 MPH)
Batting: RHB Bobby Grimm 0-0: Ball
1-0: Foul Ball, location: 25F
1-1: DOUBLE (Groundball, 5L, EV 110.0 MPH)
Josef Rosendorff to third
Batting: SHB José Jesús De La Cruz 0-0: Ball
1-0: Called Strike
1-1: Ground out 6-3 (Groundball, 56S, EV 63.8 MPH)
Batting: RHB Dan Moore 0-0: Ball
1-0: Ball
2-0: Ball
3-0: Base on Balls
Batting: SHB Sammy Horgan 0-0: Foul Ball, location: 9LMF
0-1: Swinging Strike
0-2: Ball
1-2: Strikes out swinging
Batting: RHB Josué Caballero 0-0: SINGLE (Line Drive, 56D, EV 95.6 MPH)
Josef Rosendorff scores
Bobby Grimm to third
Dan Moore to second
Runner from 3rd tries for Home, SAFE, throw by LF to home
Pitching: RHP Weston Fiscus
Batting: SHB Joseph Mitchell 0-0: Called Strike
0-1: Ball
1-1: Ground out U3 (Groundball, 34S, EV 88.8 MPH)
Top of the 4th over - 2 runs, 3 hits, 0 errors, 2 left on base; St. Louis 6 - Portland 5
BOTTOM OF THE 4TH
Portland Hops batting - Pitching for St. Louis Cardinals : LHP Charles Shoop
Batting: RHB Pete Koo 0-0: Ball
1-0: Ball
2-0: Ball
3-0: Called Strike
3-1: Fly out, F7 (Line Drive, 7, EV 92.5 MPH)
Batting: RHB Pancho Mejia 0-0: Ball
1-0: Called Strike
1-1: Ball
2-1: Fly out, F7 (Flyball, 78D, EV 105.0 MPH)
Batting: RHB Ben Schubert 0-0: Ball
1-0: Called Strike
1-1: SINGLE (Groundball, P, EV 87.5 MPH) (infield hit)
Pitching: RHP Ian Gatta
Batting: LHB Lobo Peña 0-0: Ball
1-0: Ball
2-0: Ball
3-0: Called Strike
3-1: Called Strike
3-2: Base on Balls
Ben Schubert to second
Batting: RHB Mason Stapleton 0-0: Ball
1-0: Ball
2-0: DOUBLE (Line Drive, 7LM, EV 105.6 MPH)
Ben Schubert scores
Lobo Peña to third
Batting: LHB Russ Hicks 0-0: Ball
1-0: Foul Ball, location: 7LSF
1-1: Ground out U3 (Groundball, 34, EV 96.3 MPH)
Bottom of the 4th over - 1 run, 2 hits, 0 errors, 2 left on base; St. Louis 6 - Portland 6
TOP OF THE 5TH
St. Louis Cardinals batting - Pitching for Portland Hops : RHP Weston Fiscus
Batting: LHB Marcus Jones 0-0: Called Strike
0-1: Ball
1-1: Foul Ball, location: 23F
1-2: Ball
2-2: Foul Ball, location: 5F
2-2: Ball
3-2: SOLO HOME RUN (Flyball, 9D, EV 96.3 MPH), Distance : 360 ft
Batting: RHB Paco Paredes 0-0: Called Strike
0-1: Ball
1-1: SINGLE (Groundball, 6MD, EV 96.9 MPH)
DELAY Rain delay of 30 minutes in the 5th inning.
Batting: LHB Josef Rosendorff 0-0: Called Strike
0-1: Ball
1-1: Sac Bunt to 23 - play at first, batter OUT! 3-4
Paco Paredes to second
Batting: RHB Bobby Grimm 0-0: Foul Ball, location: 2F
0-1: Ball
1-1: Fly out, F5 (Popup, 56, EV 64.4 MPH)
Batting: SHB José Jesús De La Cruz 0-0: Foul Ball, location: 7LMF
0-1: SINGLE (Groundball, 3D, EV 108.1 MPH)
Paco Paredes to third
Runner from 3rd tries for Home, SAFE, throw by RF to home
José Jesús De La Cruz to second
Batting: RHB Dan Moore 0-0: Fly out, F4 (Popup, 4M, EV 57.5 MPH)
Top of the 5th over - 2 runs, 3 hits, 0 errors, 1 left on base; St. Louis 8 - Portland 6
BOTTOM OF THE 5TH
Portland Hops batting - Pitching for St. Louis Cardinals : RHP Ian Gatta
Batting: LHB Raymond Armstrong 0-0: Foul Ball, location: 7LMF
0-1: Ball
1-1: Ball
2-1: Foul Ball, location: 2F
2-2: Strikes out swinging
Batting: RHB Randy Najera 0-0: Swinging Strike
0-1: Called Strike
0-2: Strikes out swinging
Batting: LHB Daniel Lugo 0-0: Ball
1-0: SINGLE (Line Drive, 8RS, EV 101.9 MPH)
Batting: RHB Pete Koo 0-0: Ball
1-0: Foul Ball, location: 5F
1-1: Ball
2-1: Foul Ball, location: 2F
2-2: Foul Ball, location: 9LDF
2-2: Foul Ball, location: 7LMFF
2-2: Strikes out swinging
Bottom of the 5th over - 0 runs, 1 hit, 0 errors, 1 left on base; St. Louis 8 - Portland 6
TOP OF THE 6TH
St. Louis Cardinals batting - Pitching for Portland Hops : RHP Weston Fiscus
Batting: SHB Sammy Horgan 0-0: Fly out, F8 (Flyball, 8LD, EV 81.9 MPH)
Batting: RHB Josué Caballero 0-0: Ball
1-0: Foul Ball, location: 3DF
1-1: Ball
2-1: SINGLE (Line Drive, 6D, EV 99.4 MPH)
Batting: SHB Joseph Mitchell 0-0: Foul Ball, location: 2F
0-1: SINGLE (Line Drive, 56, EV 98.1 MPH)
Josué Caballero to second
Batting: LHB Marcus Jones 0-0: Called Strike
0-1: Fly out, F6 (Popup, 6M, EV 59.4 MPH)
Batting: RHB Paco Paredes 0-0: Ball
1-0: Foul Ball, location: 5F
1-1: SINGLE (Flyball, 6MD, EV 96.9 MPH)
Josué Caballero to third
Joseph Mitchell to second
Runner from 3rd tries for Home, SAFE, throw by CF to home
Batting: LHB Josef Rosendorff 0-0: Called Strike
0-1: Ball
1-1: Ball
2-1: Swinging Strike
2-2: Foul Ball, location: 2F
2-2: Strikes out swinging
Top of the 6th over - 1 run, 3 hits, 0 errors, 2 left on base; St. Louis 9 - Portland 6
BOTTOM OF THE 6TH
Portland Hops batting - Pitching for St. Louis Cardinals : RHP Ian Gatta
Batting: RHB Pancho Mejia 0-0: Ground out 3-1 (Groundball, 13, EV 82.5 MPH)
Batting: RHB Ben Schubert 0-0: Swinging Strike
0-1: Ground out 4-3 (Groundball, 4, EV 106.9 MPH)
Batting: LHB Lobo Peña 0-0: Ball
1-0: Ball
2-0: Ball
3-0: Called Strike
3-1: Ground out 3-1 (Groundball, 34, EV 81.3 MPH)
Bottom of the 6th over - 0 runs, 0 hits, 0 errors, 0 left on base; St. Louis 9 - Portland 6
TOP OF THE 7TH
St. Louis Cardinals batting - Pitching for Portland Hops : RHP Weston Fiscus
Pitching: RHP Tyrone McClain
Batting: RHB Bobby Grimm 0-0: Ball
1-0: Ground out 6-3 (Groundball, 6, EV 98.1 MPH)
Batting: SHB José Jesús De La Cruz 0-0: SOLO HOME RUN (Flyball, 89XD, EV 104.4 MPH), Distance : 385 ft
Batting: RHB Dan Moore 0-0: Ball
1-0: Called Strike
1-1: Fly out, F5 (Popup, 25F, EV 84.4 MPH)
Batting: SHB Sammy Horgan 0-0: Fly out, F9 (Flyball, 9, EV 91.3 MPH)
Top of the 7th over - 1 run, 1 hit, 0 errors, 0 left on base; St. Louis 10 - Portland 6
BOTTOM OF THE 7TH
Portland Hops batting - Pitching for St. Louis Cardinals : RHP Ian Gatta
Batting: RHB Mason Stapleton 0-0: Called Strike
0-1: Ball
1-1: Called Strike
1-2: Ball
2-2: Foul Ball, location: 23FF
2-2: SINGLE (Groundball, 6MS, EV 66.9 MPH) (infield hit)
Batting: LHB Russ Hicks 0-0: Foul Ball, location: 2F
0-1: Swinging Strike
0-2: Ball
1-2: Fielders Choice at 2nd, 1-6 (Groundball, 13S, EV 68.8 MPH)
Pitching: RHP J.J. Jones
Batting: LHB Raymond Armstrong 0-0: Ball
1-0: Fly out, F7 (Flyball, 7LS, EV 78.1 MPH)
Batting: RHB Randy Najera 0-0: Ball
Russ Hicks steals 2nd base (no throw)
1-0: Foul Ball, location: 23F
1-1: Called Strike
1-2: Ball
2-2: Strikes out looking
Bottom of the 7th over - 0 runs, 1 hit, 0 errors, 1 left on base; St. Louis 10 - Portland 6
TOP OF THE 8TH
St. Louis Cardinals batting - Pitching for Portland Hops : RHP Tyrone McClain
Batting: RHB Josué Caballero 0-0: Ball
1-0: Foul Ball, location: 23F
1-1: Ball
2-1: SINGLE (Line Drive, 78M, EV 89.4 MPH)
Batting: SHB Joseph Mitchell 0-0: Ball
1-0: Called Strike
1-1: Called Strike
1-2: Ball
Wild Pitch!
Josué Caballero to second
2-2: Fly out, F9 (Flyball, 89S, EV 86.9 MPH)
Batting: LHB Marcus Jones 0-0: Called Strike
0-1: Foul Ball, location: 2RF
0-2: SINGLE (Groundball, 4D, EV 95.0 MPH)
Josué Caballero to third
Batting: RHB Paco Paredes 0-0: Fly out, F9 (Flyball, 9D, EV 103.1 MPH)
Runner from 3rd tags up, SCORES, throw by RF
Batting: LHB Josef Rosendorff 0-0: Ball
1-0: Ball
2-0: Ball
3-0: Called Strike
3-1: Swinging Strike
3-2: Base on Balls
Marcus Jones to second
Batting: RHB Bobby Grimm 0-0: Swinging Strike
0-1: Foul Ball, location: 25F
0-2: Ball
1-2: Strikes out looking
Top of the 8th over - 1 run, 2 hits, 0 errors, 2 left on base; St. Louis 11 - Portland 6
BOTTOM OF THE 8TH
Portland Hops batting - Pitching for St. Louis Cardinals : RHP J.J. Jones
Batting: LHB Daniel Lugo 0-0: Ball
1-0: Called Strike
1-1: SINGLE (Groundball, 13S, EV 71.3 MPH) (infield hit)
Pinch Hitting: LHB Moisés Zamora 0-0: Ball
1-0: Ball
2-0: Foul Ball, location: 2F
2-1: Swinging Strike
2-2: Ball
3-2: Foul Ball, location: 2F
3-2: Fielders Choice at 2nd, 1-4 (Groundball, 15S, EV 75.0 MPH)
Batting: RHB Pancho Mejia 0-0: Foul Ball, location: 5FF
0-1: Swinging Strike
0-2: Strikes out swinging
Batting: RHB Ben Schubert 0-0: Ball
1-0: Ball
2-0: Fielders Choice at 2nd, 6-4 (Groundball, 6, EV 85.6 MPH)
Bottom of the 8th over - 0 runs, 1 hit, 0 errors, 1 left on base; St. Louis 11 - Portland 6
TOP OF THE 9TH
St. Louis Cardinals batting - Pitching for Portland Hops : RHP Tyrone McClain
Now in LF: Moisés Zamora
Now in CF: Randy Najera
Batting: SHB José Jesús De La Cruz 0-0: Called Strike
0-1: Foul Ball, location: 7LSF
0-2: Ball
1-2: Foul Ball, location: 9LMF
1-2: Ball
2-2: Fly out, F1 (Line Drive, P, EV 70.6 MPH)
Pitching: RHP Victor Hayden
Batting: RHB Dan Moore 0-0: Called Strike
0-1: Called Strike
0-2: Strikes out swinging
Batting: SHB Sammy Horgan 0-0: Ball
1-0: Called Strike
1-1: Swinging Strike
1-2: Ball
2-2: SINGLE (Groundball, 4MD, EV 95.6 MPH)
Batting: RHB Josué Caballero 0-0: Ball
1-0: Swinging Strike
1-1: Ball
2-1: Called Strike
2-2: Strikes out looking
Top of the 9th over - 0 runs, 1 hit, 0 errors, 1 left on base; St. Louis 11 - Portland 6
BOTTOM OF THE 9TH
Portland Hops batting - Pitching for St. Louis Cardinals : RHP J.J. Jones
Batting: LHB Lobo Peña 0-0: Swinging Strike
0-1: Foul Ball, location: 2F
0-2: Ball
1-2: Foul Ball, location: 7LDF
1-2: Ground out 6-3 (Groundball, 6, EV 90.0 MPH)
Batting: RHB Mason Stapleton 0-0: Ball
1-0: Foul Ball, location: 2F
1-1: Ground out 5-3 (Groundball, 5, EV 93.8 MPH)
Batting: LHB Russ Hicks 0-0: Fly out, F7 (Flyball, 78M, EV 88.8 MPH)
Bottom of the 9th over - 0 runs, 0 hits, 0 errors, 0 left on base; St. Louis 11 - Portland 6
Thursday, March 28th , 2024 - OOTP Baseball 24.11 Build 85